 Dungeon Sprint DCSS version 0.24-a0-537-g2d01d4a (webtiles) character file.

Game seed: 2092001176703741821

334048 Faca the Swordmaster (level 19, -10/207 HPs)
             Began as a Minotaur Fighter on Aug 13, 2019.
             Was the Champion of the Shining One.
             Killed from afar by an orb of fire (33 damage)
             ... with a bolt of fire
             ... in the Dungeon (Sprint IX: "|||||||||||||||||||||||||||||").
             The game lasted 00:41:09 (10033 turns).

Faca the Swordmaster (Minotaur Fighter)            Turns: 10033, Time: 00:41:10

Health: -10/207    AC: 44    Str: 30    XL:     19   Next: 59%
Magic:  23/31      EV: 23    Int:  5    God:    the Shining One [******]
Gold:   147        SH: 28    Dex: 16    Spells: 18/18 levels left

rFire    + . .     SeeInvis .   s - +9 eudemon blade (holy)
rCold    + + +     Gourm    .   I - +0 large shield
rNeg     + + +     Faith    .   O - +7 gold dragon scales
rPois    +         Spirit   .   b - +2 hat {MR+}
rElec    .         Reflect  .   P - +0 cloak {MR+}
rCorr    .         Harm     .   p - +0 pair of gloves
MR       +++..     Rnd*Rage +   o - +2 pair of boots of the Assassin {Detection Stab+ Stlth++} Stlth ..........NoTele +
                                x - amulet "Cineipli" {+Rage rC+}
HPRegen  0.44/turn              z - ring of Qaidacoi {rC+ Str+3}
MPRegen  0.22/turn              L - +6 ring of dexterity

@: glowing
A: retaliatory headbutt, horns 2, berserk 1, clumsy 1, low mp 1, screaming 1
}: 5/17 runes: decaying, serpentine, barnacled, silver, gossamer
a: Divine Shield, Cleansing Flame, Summon Divine Warrior, Renounce Religion,
Evoke Berserk Rage


You were in the Dungeon.
You worshipped the Shining One.
The Shining One was exalted by your worship.
You were near starving.

You visited 1 branch You collected 1889 gold pieces.
You spent 1742 gold pieces at shops.

Inventory:

Hand Weapons
 s - a +9 eudemon blade of holy wrath (weapon)
 B - the +8 autumn katana {slice, Clar}
   (You bought it in a shop in the Dungeon)

   It inflicts extra damage upon your enemies.
   It protects you against confusion.
Missiles
 y - 53 javelins
 F - 11 silver javelins (quivered)
Armour
 b - a +2 hat of magic resistance (worn)
 o - the +2 pair of boots of the Assassin (worn) {Detection Stab+ Stlth++}
   (You found it in the Dungeon)

   It makes you much more stealthy.
 p - a +0 pair of gloves (worn)
 I - a +0 large shield (worn)
 O - +7 gold dragon scales (worn)
 P - a +0 cloak of magic resistance (worn)
Jewellery
 x - the amulet "Cineipli" (around neck) {+Rage rC+}
   (You found it in the Dungeon)

   [amulet of rage]

   It protects you from cold.
   It lets you go berserk.
 z - the ring of Qaidacoi (left hand) {rC+ Str+3}
   (You found it in the Dungeon)

   [ring of strength]

   It affects your strength (+3).
   It protects you from cold.
 J - a +6 ring of intelligence
 L - a +6 ring of dexterity (right hand)
Wands
 n - a wand of iceblast (10)
 u - a wand of flame (8)
Scrolls
 k - 2 scrolls of blinking
 l - 6 scrolls of remove curse
 m - 2 scrolls of amnesia
 v - 2 scrolls of fear
 w - 11 scrolls of enchant weapon
 C - 3 scrolls of fog
 E - 2 scrolls of immolation
Potions
 a - 6 potions of mutation
 c - a potion of flight
 d - 3 potions of might
 e - 10 potions of curing
 g - 11 potions of heal wounds
 h - 7 potions of haste
 i - 4 potions of magic
 j - 3 potions of berserk rage
 q - a potion of resistance
 G - a potion of brilliance
 Q - a potion of agility
Comestibles
 f - 11 rations


   Skills:
 O Level 27 Fighting
 O Level 27 Long Blades
 O Level 27 Throwing
 O Level 27 Armour
 O Level 27 Dodging
 O Level 27 Shields
 O Level 27 Invocations
 + Level 12.7 Evocations


You had 18 spell levels left.
You didn't know any spells.
Your spell library contained the following spells:

 Spells                   Type           Power        Failure   Level  Hunger
 Animate Skeleton         Necr           N/A          95%         1    ##.....
 Apportation              Tloc           #.....       95%         1    ##.....
 Confusing Touch          Hex            #.....       95%         1    ##.....
 Summon Small Mammal      Summ           #...         95%         1    ##.....


Dungeon Overview and Level Annotations

Branches:
Dungeon (1/1)

Altars:
Cheibriados
Dithmenos
Elyvilon
Fedhas
Gozag
Hepliaklqana
Kikubaaqudgha
Makhleb
Nemelex Xobeh
Okawaru
Qazlal
Ru
Sif Muna
Trog
Uskayaw
Vehumet
Wu Jian
Xom
Yredelemnul
Zin
The Shining One
Beogh
Jiyva
Lugonu

Shops:
D ?!**


Innate Abilities, Weirdness & Mutations

You reflexively headbutt those who attack you in melee.
You have a pair of horns on your head.
You tend to lose your temper in combat.
You are clumsy. (Dex -2)
Your magical capacity is low. (-10% MP)
You occasionally shout uncontrollably at your foes.


Message History

You hit the orb of fire but do no damage.
Your headbutt misses the orb of fire.
The orb of fire is heavily damaged.
You hit the orb of fire. Your headbutt misses the orb of fire.
The orb of fire is heavily damaged.
The orb of fire glows deep purple.
The bolt of fire hits you!! You resist.
* * * LOW HITPOINT WARNING * * *
Okay, then.
You are momentarily dazzled by a brilliant light.
You feel somewhat more hungry.
The orb of fire glows red.
The bolt of fire hits the orb of fire.
The orb of fire completely resists.
The bolt of fire misses the orb of fire.
The bolt of fire hits you! You resist.
* * * LOW HITPOINT WARNING * * *
The orb of fire emits a lurid red light.
The bolt of fire misses the orb of fire.
The bolt of fire hits you!! You resist.
You die...

..)))))))...[[[[[[[..............
▓▓▓▓▓▓▓▓▓▓▓▓▓▓▓▓▓▓▓▓▓▓▓▓▓▓▓▓▓▓▓▓▓
.................................
▓▓▓▓▓▓▓▓▓▓▓▓▓▓▓▓▓▓▓▓▓▓▓▓▓▓▓▓▓▓▓▓▓
).......')[))...'))))....)[......
▓▓▓▓▓▓▓▓▓▓▓▓▓▓▓▓▓▓▓▓▓▓▓▓▓▓▓▓▓▓▓▓▓
.................................
▓▓▓▓▓▓▓▓▓▓▓▓▓▓▓▓▓▓▓▓▓▓▓▓▓▓▓▓▓▓▓▓▓
..').......'.'A'@***)..(


{{{{{{{ ▓▓▓▓▓▓▓▓▓▓▓▓▓▓▓▓▓▓▓▓▓▓▓▓ {{{{{{{{{ {{{{{{{{{{{ You could see 3 orbs of
fire and a friendly angel.

Vanquished Creatures
  2 ancient liches (D)
  Mennas (D)
  2 orbs of fire (D)
  Mara (D)
  A juggernaut (D)
  Boris (D)
  Saint Roka (D)
  A Killer Klown (D)
  Xtahua (D)
  Margery (D)
  Jory (D)
  Nikola (D)
  2 golden dragons (D)
  A bone dragon (D)
  2 electric golems (D)
  2 tentacled monstrosities (D)
  14 Orb Guardians (D)
  2 titans (D)
  A quicksilver dragon (D)
  Gastronok (D)
  Frances (D)
  6 shadow dragons (D)
  A death cob (D)
  3 tengu reavers (D)
  A thorn hunter (D)
  2 storm dragons (D)
  Ilsuiw (D)
  3 draconian monks (D)
  A fire giant (D)
  3 nagarajas (D)
  Louise (D)
  2 draconian knights (D)
  2 frost giants (D)
  A draconian scorcher (D)
  8 emperor scorpions (D)
  4 vault wardens (D)
  4 ghost moths (D)
  2 draconian stormcallers (D)
  An entropy weaver (D)
  An ironheart preserver (D)
  A spriggan defender (D)
  A draconian annihilator (D)
  2 very ugly things (D)
  9 stone giants (D)
  6 black draconians (D)
  Nessos (D)
  3 red draconians (D)
  3 green draconians (D)
  3 purple draconians (D)
  A white draconian (D)
  2 yellow draconians (D)
  4 merfolk javelineers (D)
  5 merfolk impalers (D)
  2 yaktaur captains (D)
  11 hydras (D)
  3 great orbs of eyes (D)
  4 rakshasas (D)
  5 fire dragons (D)
  25 vault guards (D)
  A spriggan air mage (D)
  A shambling mangrove (D)
  2 centaur warriors (D)
  A merfolk aquamancer (D)
  4 ice dragons (D)
  3 naga warriors (D)
  A merfolk avatar (D)
  An anaconda (D)
  2 deep troll shamans (D)
  5 two-headed ogres (D)
  6 ogre magi (D)
  An alligator (D)
  Urug (D)
  2 orc high priests (D)
  2 shock serpents (D)
  An unseen horror (shapeshifter) (D)
  2 unseen horrors (D)
  A sea snake (D)
  6 hell knights (D)
  A naga ritualist (D)
  A wizard (D)
  3 swamp dragons (D)
  An ironbrand convoker (D)
  An orb spider (shapeshifter) (D)
  4 orc knights (D)
  A deep elf mage (D)
  A harpy (D)
  3 wolf spiders (D)
  A manticore (D)
  2 ugly things (D)
  A salamander (shapeshifter) (D)
  14 moths of wrath (D)
  4 guardian serpents (D)
  2 black mambas (D)
  2 merfolk sirens (D)
  A guardian serpent (shapeshifter) (D)
  A water nymph (D)
  Psyche (D)
  5 naga magi (D)
  8 elephants (D)
  A torpor snail (D)
  5 spiny frogs (D)
  An efreet (D)
  2 komodo dragons (D)
  4 yaktaurs (D)
  2 jumping spiders (D)
  3 merfolk (D)
  A hornet (D)
  A tyrant leech (D)
  3 slime creatures (D)
  3 hippogriffs (D)
  2 snapping turtles (D)
  A bog body (D)
  A hippogriff (shapeshifter) (D)
  A blink frog (D)
  A vampire (D)
  2 tarantellas (D)
  A redback (D)
  A yak (shapeshifter) (D)
  A yak (D)
  A hog (shapeshifter) (D)
  2 nagas (D)
  An acid dragon (D)
  A water moccasin (D)
  2 porcupines (D)
  A swamp drake (D)
  A black bear (D)
  10 orc warriors (D)
  A sky beast (D)
  An ice beast (shapeshifter) (D)
  11 ogres (D)
  A crocodile (D)
  2 bullfrogs (D)
  A hound (D)
  4 orc priests (D)
  4 orc wizards (D)
  2 iguanas (D)
  2 adder zombies (D)
  14 orcs (D)
  A goblin (D)
  2 hobgoblins (D)
  A kobold (D)
  A frilled lizard (D)
  A quokka zombie (D)
384 creatures vanquished.

Vanquished Creatures (others)
  A sky beast (D)
1 creature vanquished.

Grand Total: 385 creatures vanquished

Notes
Turn   | Place    | Note
-------+----------+-------------------------------------------
     0 | D        | Faca the Minotaur Fighter began the quest for the Orb.
     0 | D        | Reached XP level 1. HP: 19/19 MP: 0/0
    62 | D        | Noticed an ogre
    62 | D        | Noticed an iguana
    62 | D        | Noticed an ogre
    67 | D        | Reached XP level 2. HP: 28/28 MP: 1/1
    75 | D        | Killed an ogre
    75 | D        | Reached XP level 3. HP: 16/40 MP: 2/2
    75 | D        | Reached XP level 4. HP: 19/48 MP: 3/3
    85 | D        | Killed an ogre
    85 | D        | Reached skill level 10 in Fighting
    85 | D        | Reached XP level 5. HP: 7/58 MP: 4/4
   356 | D        | Found a roughly hewn altar of Beogh.
   356 | D        | Found a snail-covered altar of Cheibriados.
   356 | D        | Found a shadowy altar of Dithmenos.
   356 | D        | Found a white marble altar of Elyvilon.
   356 | D        | Found a blossoming altar of Fedhas.
   356 | D        | Found an opulent altar of Gozag.
   357 | D        | Found a hazy altar of Hepliaklqana.
   358 | D        | Found a viscous altar of Jiyva.
   359 | D        | Found an ancient bone altar of Kikubaaqudgha.
   360 | D        | Found a corrupted altar of Lugonu.
   361 | D        | Found a burning altar of Makhleb.
   362 | D        | Found a sparkling altar of Nemelex Xobeh.
   363 | D        | Found an iron altar of Okawaru.
   364 | D        | Found a stormy altar of Qazlal.
   365 | D        | Found a sacrificial altar of Ru.
   366 | D        | Found a shimmering blue altar of Sif Muna.
   367 | D        | Found a bloodstained altar of Trog.
   368 | D        | Found a hide-covered altar of Uskayaw.
   369 | D        | Found a radiant altar of Vehumet.
   370 | D        | Found an ornate altar of the Wu Jian Council.
   371 | D        | Found a shimmering altar of Xom.
   372 | D        | Found a basalt altar of Yredelemnul.
   373 | D        | Found a glowing silver altar of Zin.
   374 | D        | Found a glowing golden altar of the Shining One.
   382 | D        | Became a worshipper of the Shining One
   392 | D        | Got the +2 scimitar of Ipyurrao {slice, rF++ Stlth+}
   430 | D        | Noticed an orc warrior
   430 | D        | Noticed a sky beast
   430 | D        | Reached * piety under the Shining One
   430 | D        | Noticed a black bear
   434 | D        | Killed an orc warrior
   434 | D        | Reached skill level 10 in Long Blades
   434 | D        | Reached XP level 6. HP: 68/68 MP: 5/5
   442 | D        | Killed a sky beast
   487 | D        | Reached ** piety under the Shining One
   487 | D        | Noticed a two-headed ogre
   488 | D        | Reached XP level 7. HP: 78/78 MP: 6/6
   495 | D        | Killed a two-headed ogre
   495 | D        | Reached XP level 8. HP: 61/90 MP: 7/7
   499 | D        | Reached skill level 15 in Fighting
   659 | D        | Noticed Gastronok
   671 | D        | Killed Gastronok
   671 | D        | Reached XP level 9. HP: 65/101 MP: 8/8
   839 | D        | Noticed a komodo dragon
   839 | D        | Reached *** piety under the Shining One
   839 | D        | Noticed a spiny frog
   839 | D        | Noticed a komodo dragon
   839 | D        | Noticed a black mamba
   842 | D        | Reached **** piety under the Shining One
   844 | D        | Killed a komodo dragon
   850 | D        | Killed a spiny frog
   856 | D        | Killed a komodo dragon
   856 | D        | Reached XP level 10. HP: 64/110 MP: 9/9
   858 | D        | Killed a black mamba
   858 | D        | Reached skill level 10 in Armour
   858 | D        | Reached skill level 10 in Shields
  1060 | D        | Noticed a spiny frog
  1064 | D        | Killed a spiny frog
  1070 | D        | Noticed a five-headed hydra
  1070 | D        | Reached ***** piety under the Shining One
  1071 | D        | Noticed a spiny frog
  1074 | D        | Killed a five-headed hydra
  1272 | D        | Killed a spiny frog
  1516 | D        | Noticed an elephant
  1516 | D        | Noticed an elephant
  1516 | D        | Noticed an elephant
  1516 | D        | Noticed an elephant
  1516 | D        | Noticed an elephant
  1516 | D        | Noticed an elephant
  1522 | D        | Killed an elephant
  1529 | D        | Killed an elephant
  1533 | D        | Killed an elephant
  1533 | D        | Reached XP level 11. HP: 103/117 MP: 10/10
  1633 | D        | Noticed Urug
  1649 | D        | Killed Urug
  1649 | D        | Reached skill level 15 in Armour
  1649 | D        | Reached skill level 15 in Shields
  1834 | D        | Noticed Psyche
  1840 | D        | Killed Psyche
  1871 | D        | Reached ****** piety under the Shining One
  2062 | D        | Noticed an orc knight
  2064 | D        | Noticed an orc knight
  2082 | D        | Killed an orc knight
  2093 | D        | Noticed an orc high priest
  2100 | D        | Killed an orc knight
  2145 | D        | Killed an orc high priest
  2269 | D        | Noticed an orc high priest
  2276 | D        | Killed an orc high priest
  2340 | D        | Noticed an orc knight
  2350 | D        | Killed an orc knight
  2353 | D        | Found Meacar's Magic Scroll Emporium.
  2353 | D        | Noticed a two-headed ogre
  2356 | D        | Noticed a two-headed ogre
  2363 | D        | Killed a two-headed ogre
  2369 | D        | Killed a two-headed ogre
  2378 | D        | Found Xaddurig's Distillery.
  2425 | D        | Found Xyna's Assorted Antiques.
  2427 | D        | Noticed a two-headed ogre
  2428 | D        | Found Xisemok's Assorted Antiques.
  2428 | D        | Noticed an ogre mage
  2433 | D        | Killed a two-headed ogre
  2433 | D        | Reached XP level 12. HP: 129/129 MP: 11/11
  2434 | D        | Noticed a two-headed ogre
  2438 | D        | Killed an ogre mage
  2444 | D        | Killed a two-headed ogre
  2456 | D        | Bought a scroll of enchant armour for 97 gold pieces
  2456 | D        | Bought a scroll of enchant weapon for 97 gold pieces
  2482 | D        | Bought the +8 autumn katana {slice, Clar} for 1191 gold
                  | pieces
  2482 | D        | Found the +8 autumn katana {slice, Clar}
  2485 | D        | Bought a scroll labeled YKAOXK AMNA for 17 gold pieces
  2485 | D        | Bought a garnet ring for 85 gold pieces
  2485 | D        | Bought a scroll labeled YKAOXK AMNA for 17 gold pieces
  2485 | D        | Bought a scroll labeled UCVYIL SARI for 17 gold pieces
  2485 | D        | Bought a scroll labeled YKAOXK AMNA for 17 gold pieces
  2487 | D        | Bought a scroll labeled YKAOXK AMNA for 18 gold pieces
  2487 | D        | Bought a scroll labeled URGHIA IFOPP for 18 gold pieces
  2487 | D        | Bought an inky potion for 16 gold pieces
  2487 | D        | Bought a scroll labeled YKAOXK AMNA for 18 gold pieces
  2487 | D        | Bought a dented platinum amulet for 90 gold pieces
  2487 | D        | Bought a scroll labeled UCVYIL SARI for 18 gold pieces
  2491 | D        | Bought a scroll of identify for 26 gold pieces
  2618 | D        | Found the +2 pair of boots of the Assassin {Detection Stab+
                  | Stlth++}
  2659 | D        | Noticed a rakshasa
  2669 | D        | Killed a rakshasa
  2669 | D        | Noticed a deep troll shaman
  2670 | D        | Noticed a stone giant
  2673 | D        | Noticed a centaur warrior
  2685 | D        | Killed a deep troll shaman
  2687 | D        | Noticed a stone giant
  2690 | D        | Killed a stone giant
  2694 | D        | Killed a centaur warrior
  2699 | D        | Killed a stone giant
  2794 | D        | Reached skill level 1 in Dodging
  2796 | D        | Reached skill level 1 in Invocations
  2827 | D        | Noticed Frances
  2854 | D        | Killed Frances
  2874 | D        | Noticed Nessos
  2886 | D        | Killed Nessos
  2886 | D        | Reached skill level 5 in Dodging
  3259 | D        | Noticed a naga warrior
  3260 | D        | Noticed an anaconda
  3262 | D        | Reached XP level 13. HP: 126/139 MP: 15/15
  3267 | D        | Reached skill level 5 in Invocations
  3269 | D        | Reached skill level 5 in Throwing
  3659 | D        | Noticed a thorn hunter
  3663 | D        | Killed a thorn hunter
  3846 | D        | Noticed a merfolk javelineer
  3849 | D        | Reached skill level 10 in Dodging
  3875 | D        | Killed a merfolk javelineer
  3875 | D        | Reached skill level 10 in Invocations
  3878 | D        | Reached skill level 10 in Throwing
  4039 | D        | Noticed an emperor scorpion
  4044 | D        | Noticed an entropy weaver
  4049 | D        | Noticed a ghost moth
  4060 | D        | Killed an emperor scorpion
  4066 | D        | Killed an entropy weaver
  4074 | D        | Killed a ghost moth
  4326 | D        | Noticed a fire dragon
  4330 | D        | Noticed a cyan very ugly thing
  4337 | D        | Killed a fire dragon
  4340 | D        | Noticed a stone giant
  4345 | D        | Killed a cyan very ugly thing
  4345 | D        | Reached XP level 14. HP: 89/148 MP: 22/22
  4353 | D        | Noticed a stone giant
  4353 | D        | Noticed a storm dragon
  4356 | D        | Noticed a fire giant
  4358 | D        | Killed a stone giant
  4359 | D        | Noticed a frost giant
  4365 | D        | Killed a stone giant
  4374 | D        | Killed a storm dragon
  4379 | D        | Killed a fire giant
  4410 | D        | Killed a frost giant
  4413 | D        | Reached skill level 15 in Dodging
  4711 | D        | Noticed a vault warden
  4728 | D        | Noticed a vault warden
  4730 | D        | Killed a vault warden
  4746 | D        | Reached skill level 15 in Throwing
  4756 | D        | Killed a vault warden
  4762 | D        | Noticed a stone giant
  4764 | D        | Noticed a vault warden
  4770 | D        | Noticed an ironheart preserver
  4771 | D        | Killed a stone giant
  4778 | D        | Killed a vault warden
  4786 | D        | Killed an ironheart preserver
  4993 | D        | Noticed Xtahua
  4996 | D        | Paralysed by Xtahua for 2 turns
  5002 | D        | Paralysed by Xtahua for 7 turns
  5013 | D        | Killed Xtahua
  5013 | D        | Reached XP level 15. HP: 63/155 MP: 24/24
  5319 | D        | Noticed Mara
  5322 | D        | Noticed Faca's illusion
  5340 | D        | Killed Mara
  5651 | D        | Noticed Nikola
  5657 | D        | Killed Nikola
  5815 | D        | Noticed Boris
  5821 | D        | Identified a +5 eudemon blade of holy wrath (a +3 demon
                  | blade of venom blessed by the Shining One)
  5821 | D        | Received a gift from the Shining One
  5826 | D        | Killed Boris
  6073 | D        | Noticed a ghost moth
  6081 | D        | Killed a ghost moth
  6142 | D        | Got a gossamer rune of Zot
  6167 | D        | Noticed a nagaraja
  6167 | D        | Noticed a nagaraja
  6168 | D        | Noticed a nagaraja
  6172 | D        | Killed a nagaraja
  6178 | D        | Killed a nagaraja
  6181 | D        | Killed a nagaraja
  6216 | D        | Got a serpentine rune of Zot
  6373 | D        | Noticed Ilsuiw
  6402 | D        | Reached XP level 16. HP: 152/172 MP: 25/25
  6418 | D        | Killed Ilsuiw
  6440 | D        | Got a barnacled rune of Zot
  6688 | D        | Got a decaying rune of Zot
  6695 | D        | Noticed Mennas
  6720 | D        | Killed Mennas
  6720 | D        | Reached skill level 27 in Long Blades
  6912 | D        | Noticed Saint Roka
  6926 | D        | Killed Saint Roka
  7321 | D        | Noticed a tengu reaver
  7321 | D        | Noticed a tentacled monstrosity
  7322 | D        | Noticed a tengu reaver
  7335 | D        | Killed a tengu reaver
  7343 | D        | Killed a tentacled monstrosity
  7343 | D        | Reached skill level 27 in Fighting
  7352 | D        | Killed a tengu reaver
  7352 | D        | Reached XP level 17. HP: 191/191 MP: 26/26
  7521 | D        | Noticed a titan
  7521 | D        | Noticed an ancient lich
  7522 | D        | Noticed a titan
  7534 | D        | Killed an ancient lich
  7539 | D        | Killed a titan
  7556 | D        | Killed a titan
  7576 | D        | Got a silver rune of Zot
  7758 | D        | Noticed Margery
  7773 | D        | Killed Margery
  7784 | D        | Reached skill level 27 in Armour
  7929 | D        | Got the amulet "Cineipli" {+Rage rC+}
  7932 | D        | Got the ring of the Curious Beds {Ice Str+3 Int-3}
  7935 | D        | Got the ring of Autumn {Wiz rPois rC- Dex+2}
  7938 | D        | Got the ring of Qaidacoi {rC+ Str+3}
  7940 | D        | Got the ring of Dayzus Lausm {*Drain rPois rC+ rN+}
  8063 | D        | Noticed Louise
  8067 | D        | Noticed Jory
  8077 | D        | Killed Louise
  8089 | D        | Killed Jory
  8100 | D        | Noticed a juggernaut
  8121 | D        | Killed a juggernaut
  8261 | D        | Noticed a golden dragon
  8261 | D        | Noticed a bone dragon
  8262 | D        | Noticed a golden dragon
  8267 | D        | Killed a golden dragon
  8267 | D        | Reached XP level 18. HP: 185/200 MP: 27/27
  8275 | D        | Killed a bone dragon
  8275 | D        | Reached skill level 27 in Shields
  8282 | D        | Killed a golden dragon
  8773 | D        | Noticed a tentacled monstrosity
  8795 | D        | Killed a tentacled monstrosity
  8856 | D        | Reached skill level 27 in Dodging
  9013 | D        | Noticed a Killer Klown
  9019 | D        | Killed a Killer Klown
  9019 | D        | Reached skill level 15 in Invocations
  9540 | D        | Noticed an Orb Guardian
  9540 | D        | Noticed an Orb Guardian
  9540 | D        | Noticed an Orb Guardian
  9540 | D        | Noticed an Orb Guardian
  9540 | D        | Noticed an Orb Guardian
  9540 | D        | Noticed an Orb Guardian
  9542 | D        | Killed an Orb Guardian
  9546 | D        | Killed an Orb Guardian
  9548 | D        | Noticed an Orb Guardian
  9549 | D        | Killed an Orb Guardian
  9554 | D        | Killed an Orb Guardian
  9554 | D        | Reached skill level 27 in Throwing
  9566 | D        | Killed an Orb Guardian
  9576 | D        | Killed an Orb Guardian
  9583 | D        | Killed an Orb Guardian
  9585 | D        | Noticed an Orb Guardian
  9586 | D        | Noticed an Orb Guardian
  9587 | D        | Noticed an Orb Guardian
  9591 | D        | Killed an Orb Guardian
  9591 | D        | Reached XP level 19. HP: 203/207 MP: 32/32
  9821 | D        | Noticed an ancient lich
  9823 | D        | Killed an ancient lich
  9826 | D        | Noticed an orb of fire
  9829 | D        | Gained mutation: You are clumsy. (Dex -2) [an orb of fire]
  9832 | D        | Gained mutation: You occasionally shout uncontrollably at
                  | your foes. [an orb of fire]
  9833 | D        | Killed an orb of fire
  9836 | D        | Noticed an electric golem
  9853 | D        | Killed an electric golem
  9853 | D        | Reached skill level 27 in Invocations
 10016 | D        | Noticed an electric golem
 10016 | D        | Noticed an orb of fire
 10016 | D        | Noticed an orb of fire
 10021 | D        | Noticed an orb of fire
 10022 | D        | Killed an electric golem
 10023 | D        | Noticed an orb of fire
 10025 | D        | Killed an orb of fire
 10027 | D        | Gained mutation: You tend to lose your temper in combat.
                  | [an orb of fire]
 10029 | D        | Gained mutation: Your magical capacity is low. (-10% MP)
                  | [an orb of fire]
 10033 | D        | Killed from afar by an orb of fire

Levels and vault maps discovered:
D:        linesprint [early_d, line_temple, items_1, d_10, items_2, lair_1,
          lair_end, items_3, orc_1, orc_end, items_4, d_15, swamp_1, shoals_1,
          snake_1, spider_1, d_20, vaults_1, items_5, swamp_end, shoals_end,
          snake_end, spider_end, vaults_end, d_27, items_6, zot_1, zot_end,
          crypt_end, forest_end, elf_end, slime_end, tomb_end, abyss_end,
          pan_hell_end]

Skill      XL: |  1  2  3  4  5  6  7  8  9 10 11 12 13 14 15 16 17 18 19 |
---------------+----------------------------------------------------------+-----
Fighting       | 4 8 10 11 12 14 16 17 18 20 23 27 | 27.0
Armour         | 4 8 9 13 16 18 20 21 24 27 | 27.0
Shields        | 4 8 9 13 16 18 21 26 27 | 27.0
Long Blades    | 3 7 9 10 12 14 16 17 18 20 22 25 27 | 27.0
Dodging        | 5 13 15 19 24 27 | 27.0
Invocations    | 4 12 14 21 27 | 27.0
Throwing       | 4 12 16 20 21 27 | 27.0
Evocations     | 12 | 12.7

Action                   |  1- 3 |  4- 6 |  7- 9 | 10-12 | 13-15 | 16-18 | 19-21 || total
-------------------------+-------+-------+-------+-------+-------+-------+-------++-------
Melee: Long sword        |    21 |    10 |       |       |       |       |       ||    31
       Headbutt          |     5 |     7 |    16 |    74 |   144 |   257 |    37 ||   540
       Scimitar          |       |    20 |    37 |   191 |    11 |       |       ||   259
       Morningstar       |       |       |       |     3 |       |       |       ||     3
       Katana            |       |       |       |    58 |   447 |   133 |       ||   638
       Eudemon blade     |       |       |       |       |     4 |   389 |    87 ||   480
       Double sword      |       |       |       |       |       |   189 |       ||   189
Throw: Javelin           |       |       |       |       |     6 |     3 |     6 ||    15
Invok: Brand Weapon With |       |       |       |       |     1 |       |       ||     1
       Summon Divine War |       |       |       |       |       |       |     1 ||     1
  Use: Scroll            |       |       |     2 |     6 |    10 |     7 |       ||    25
       Potion            |       |       |       |     2 |     2 |       |       ||     4
  Eat: Chunk             |       |       |       |     7 |     3 |    12 |       ||    22
       Ration            |       |       |       |       |     2 |       |       ||     2
Armor: Scale mail        |     5 |     1 |       |       |       |       |       ||     6
       Ring mail         |       |     4 |     3 |    33 |       |       |       ||    40
       Plate armour      |       |       |       |    15 |    60 |       |       ||    75
       Gold dragon scale |       |       |       |       |    68 |   139 |    17 ||   224
Dodge: Dodged            |     3 |     9 |     4 |    35 |   109 |   134 |    22 ||   316
Block: Shield            |     6 |     9 |    15 |   128 |    90 |       |       ||   248
       Large shield      |       |       |       |       |   190 |   485 |    46 ||   721
       Rpst.: Long sword |     1 |       |       |       |       |       |       ||     1
       Scimitar          |       |     2 |     1 |     3 |       |       |       ||     6
       Katana            |       |       |       |       |    13 |     1 |       ||    14
       Double sword      |       |       |       |       |       |     2 |       ||     2
       Eudemon blade     |       |       |       |       |       |     5 |     4 ||     9

Table legend:
 A = Non-vault XP
 B = Vault XP
 C = Vault XP percentage of total XP
 D = Non-vault monster count
 E = Vault monster count
 F = Vault count percentage of total count
                 A         B        C        D         E       F
            +---------+---------+-------+---------+---------+-------
      Total |       0 |  435120 | 100.0 |       0 |     384 | 100.0
            +---------+---------+-------+---------+---------+-------
          D |       0 |  435120 | 100.0 |       0 |     384 | 100.0
            +---------+---------+-------+---------+---------+-------
